 Dungeon Crawl Stone Soup version 0.16.2-12-gd0ad4c3 (webtiles) character file.

227 dvd the Sneak (level 6, -1/38 HPs)
             Began as an Octopode Wizard on Oct 10, 2015.
             Slain by an orc wizard
             ... wielding a +0 dagger
              (5 damage)
             ... on level 4 of the Dungeon.
             The game lasted 00:21:33 (4741 turns).

dvd the Sneak (Octopode Wizard)                     Turns: 4741, Time: 00:21:33

Health: -1/38      AC:  2    Str:  7    XL:     6   Next: 2%
Magic:  12/14      EV: 13    Int: 22    God:
Gold:   200        SH:  0    Dex: 10    Spells: 5 memorised, 3 levels left

rFire  . . .     SeeInvis .       - Unarmed
rCold  + . .     Clarity  .     (no shield)
rNeg   . . .     SustAb   .     u - +1 hat
rPois  .         Gourm    .     (no amulet)
rElec  .         Spirit   .     n - ring of protection from cold
rCorr  .         Warding  .     (no ring)
rMut   .         Stasis   .     (no ring)
MR     .....                    (no ring)
Stlth  ++++......               (no ring)
                                (no ring)
                                (no ring)
                                (no ring)

@: repel missiles, not resistant to hostile enchantments, stealthy
A: almost no armour, amphibious, 8 rings, constrict 8, camouflage 1, gelatinous
body 1
a: no special abilities


You were on level 4 of the Dungeon.
You were hungry.

You visited 1 branch of the dungeon, and saw 4 of its levels.

You collected 200 gold pieces.

Inventory:

Hand weapons
 f - a +2 dagger of draining
 l - a +1 dagger of holy wrath
Missiles
 e - 9 tomahawks (quivered)
Armour
 b - a +0 hat
 u - a +1 hat (worn)
Jewellery
 n - a ring of protection from cold (left tentacle)
Magical devices
 y - a wand of disintegration (14)
Scrolls
 a - 2 scrolls of remove curse {unknown}
 g - 4 scrolls of identify {unknown}
 h - 2 scrolls of enchant weapon {unknown}
 i - a scroll of teleportation {unknown}
 k - a scroll of fear {unknown}
 m - 3 scrolls of amnesia {unknown}
 p - a scroll of enchant armour {unknown}
 t - 2 scrolls of fog {unknown}
 v - a scroll of recharging {unknown}
Potions
 j - 2 potions of magic
 q - a potion of curing {unknown}
 w - a potion of mutation {unknown}
 x - a potion of restore abilities {unknown}
 z - a potion of heal wounds {unknown}
 A - 2 potions of might {unknown}
 B - a potion of poison {unknown}
Books
 c - a book of Minor Magic

   Spells                             Type                      Level
   a - Magic Dart                     Conjuration                  1
   b - Blink                          Translocation                2
   c - Call Imp                       Summoning                    2
   d - Repel Missiles                 Charms/Air                   2
   e - Slow                           Hexes                        2
   f - Conjure Flame                  Conjuration/Fire             3
   g - Mephitic Cloud                 Conjuration/Poison/Air       3
Comestibles
 d - 3 bread rations
 o - a slice of pizza
 r - 2 meat rations
 s - a beef jerky
 C - a chunk of flesh


   Skills:
 + Level 1.3 Fighting
 + Level 3.6 Dodging
 + Level 4.2 Stealth
 + Level 1.2 Unarmed Combat
 + Level 3.9 Spellcasting
 + Level 1.4 Conjurations
 + Level 0.4 Hexes
 + Level 1.8 Summonings
 + Level 1.0 Translocations


You had 3 spell levels left.
You knew the following spells:

 Your Spells              Type           Power        Failure   Level  Hunger
a - Magic Dart            Conj           ##..         10%         1    None
b - Slow                  Hex            #.......     17%         2    #......
c - Call Imp              Summ           ##......     10%         2    #......
d - Repel Missiles        Chrm/Air       #.....       21%         2    #......
e - Blink                 Tloc           N/A          14%         2    #......


Dungeon Overview and Level Annotations

Branches:
Dungeon (4/15)
 Temple: D:4-7

Altars:
Okawaru
Yredelemnul


Innate Abilities, Weirdness & Mutations

You cannot wear most types of armour.
You are amphibious.
You can wear up to eight rings at the same time.
You can use your tentacles to constrict many enemies at once.
Your skin changes colour to match your surroundings (Stealth).
Your rubbery body absorbs attacks (AC +1).


Message History

You tentacle-slap something but do no damage.
You squeeze something! Something hits you.
You barely miss something. Something hits you.
You tentacle-slap something but do no damage.
Something hits you.
* * * LOW HITPOINT WARNING * * *
Drink which item? (? for menu, Esc to quit)
It was a potion of magic.
Magic courses through your body. Something hits you.
* * * LOW HITPOINT WARNING * * *
Casting: Call Imp
Confirm with . or Enter, or press ? or * to list all spells.
You can't see any susceptible monsters within range! (Use Z to cast anyway.)
You closely miss something.
You hear some strange, mumbled words.
Something tries to affect you, but you resist.
Casting: Call Imp
Confirm with . or Enter, or press ? or * to list all spells.
A beastly little devil appears in a puff of flame.
Something hits you.
You die...

#.......>....'......#.#.#
#............######...#.#
#....[.......# ##.##.#
#............# #.....#
#......>..)..######.#.###
########'#..........#)##.
#...........#####..)).##.
#.......)5..#####.###..<.
#.....5.@...'...[...))...
#...........#########...#
...........# #...#
...........# ####.#.#
...........# #....#..
########### #.####<.
#.#####. #.......
########


You could see a friendly crimson imp and a friendly white imp.

Vanquished Creatures
  An ogre (D:4)
  A hound (D:4)
  2 adders
  An adder skeleton (D:4)
  6 giant geckos
  5 orcs
  A ball python (D:2)
  6 giant cockroaches
  8 hobgoblins
  2 jackals (D:2)
  A quokka (D:2)
  13 bats
  5 giant newts
  7 goblins
  9 kobolds
  10 rats
78 creatures vanquished.

Vanquished Creatures (collateral kills)
  An orc wizard (D:4)
  Ijyb (D:3)
  An adder (D:4)
  3 orcs (D:4)
  A quokka (D:3)
7 creatures vanquished.

Vanquished Creatures (others)
  A white imp (D:4)
1 creature vanquished.

Grand Total: 86 creatures vanquished

Notes
Turn   | Place    | Note
--------------------------------------------------------------
     0 | D:1      | dvd, the Octopode Wizard, began the quest for the Orb.
     0 | D:1      | Reached XP level 1. HP: 11/11 MP: 4/4
   506 | D:1      | Reached XP level 2. HP: 15/17 MP: 6/6
   547 | D:1      | Learned a level 2 spell: Slow
  1549 | D:2      | Reached XP level 3. HP: 18/21 MP: 6/8
  1754 | D:2      | Found a basalt altar of Yredelemnul.
  1956 | D:2      | Learned a level 2 spell: Call Imp
  2518 | D:2      | Learned a level 2 spell: Repel Missiles
  2733 | D:2      | Reached XP level 4. HP: 25/27 MP: 10/10
  2840 | D:3      | Noticed Ijyb
  2852 | D:3      | Killed Ijyb
  3303 | D:3      | Found an iron altar of Okawaru.
  3423 | D:3      | Learned a level 2 spell: Blink
  3904 | D:4      | Noticed an ogre
  3919 | D:4      | Killed an ogre
  3919 | D:4      | Reached skill level 1 in Fighting
  3919 | D:4      | Reached skill level 4 in Stealth
  3919 | D:4      | Reached skill level 1 in Unarmed Combat
  3919 | D:4      | Reached XP level 5. HP: 22/33 MP: 3/11
  4722 | D:4      | Reached XP level 6. HP: 33/38 MP: 7/14
  4741 | D:4      | Slain by an orc wizard

Action                   |  1- 3 |  4- 6 || total
-------------------------+-------+-------++-------
Melee: Unarmed           |   116 |   104 ||   220
 Cast: Magic Dart        |    34 |    32 ||    66
       Slow              |     2 |     6 ||     8
       Call Imp          |     3 |    14 ||    17
       Repel Missiles    |     1 |       ||     1
  Use: Potion            |       |     1 ||     1
 Stab: Sleeping          |    10 |     2 ||    12
       Distracted        |       |     1 ||     1
  Eat: Chunk             |     6 |     6 ||    12
